Map: Lost and Found LE

Players

Allaryce

  • Race: Zerg Zerg
  • Spawn Location: 1:00

BoO - Winner!

  • Race: Zerg Zerg
  • Spawn Location: 7:00

Event: WCS Austin 2018

VOD

Have the link to the VOD?

Description

Time

  • Played on: June 1, 2018, 3:09 p.m.
  • Length: 15:09

All games in this series

Show
View Real Time Build Order
Export as new Build Order

Allaryce Zerg 

Build Orders: Hatch First, Lurkers 

Get SALT Encoding   

  12  0:01  Drone  
  13  0:15  Overlord  
  13  0:17  Drone  
  14  0:33  Drone x2  
  16  0:50  Hatchery  
  16  0:53  Drone  
  16  0:57  Extractor  
  16  0:58  Drone  
  16  1:02  Drone  
  17  1:16  Spawning Pool  
  16  1:22  Drone  
  16  1:24  Drone  
  18  1:31  Drone  
  19  1:45  Overlord  
  19  2:02  Drone  
  19  2:05  Baneling Nest  
  19  2:07  Zergling x4  
  21  2:10  Queen  
  21  2:13  Queen  
  25  2:19  Metabolic Boost  
  25  2:30  Drone x3  
  25  2:36  Zergling x2  
  29  2:37  Drone  
  29  2:40  Drone  
  31  2:50  Zergling x4  
  33  2:55  Baneling  
  33  2:56  Baneling  
  33  2:57  Queen  
  35  2:59  Drone  
  35  3:06  Overlord  
  34  3:24  Queen  
  34  3:25  Drone x3  
  34  3:26  Drone x2  
  40  3:37  Zergling x2  
  40  3:40  Overlord  
  40  3:41  Drone x2  
  40  3:42  Drone x2  
  44  3:51  Overlord x2  
  43  3:58  Baneling x2  
  40  4:14  Zergling x8  
  42  4:32  Drone x2  
  44  4:46  Baneling  
  44  4:47  Baneling  
  44  4:52  Drone  
  45  4:57  Roach Warren  
  45  4:59  Extractor  
  43  5:00  Zergling x2  
  43  5:01  Extractor, Hatchery, Zergling x10  
  43  5:06  Baneling  
  43  5:07  Baneling x3  
  47  5:12  Baneling, Drone  
  47  5:13  Drone x3  
  47  5:14  Drone  
  51  5:17  Lair  
  43  5:39  Queen  
  43  5:40  Roach  
  43  5:41  Roach x2  
  43  5:42  Hatchery, Zergling x2  
  50  5:43  Zergling x4  
  52  5:52  Zergling x4  
  52  5:53  Roach x3  
  60  5:57  Extractor  
  60  5:59  Drone x3  
  60  6:01  Drone  
  60  6:03  Overlord  
  63  6:14  Drone x2  
  65  6:19  Hydralisk Den  
  65  6:25  Drone x4  
  68  6:38  Baneling x4  
  67  6:42  Baneling x2  
  67  6:47  Roach x4  
  69  6:53  Overlord x2  
  69  6:54  Overlord  
  75  7:02  Evolution Chamber x2  
  70  7:14  Drone x3  
  70  7:15  Drone  
  74  7:16  Roach x6  
  86  7:23  Drone x3  
  86  7:24  Drone  
  90  7:36  Zergling x2  
  90  7:37  Zergling x6  
  94  7:39  Zerg Missile Weapons Level 1  
  94  7:40  Baneling  
  94  7:42  Zerg Ground Armor Level 1  
  94  7:51  Lurker Den  
  94  7:57  Drone  
  94  7:58  Drone x2  
  96  8:02  Grooved Spines  
  96  8:03  Hydralisk  
  95  8:08  Baneling x3  
  95  8:11  Baneling  
  94  8:21  Hydralisk  
  94  8:22  Hydralisk  
  94  8:24  Zergling x10  
  94  8:25  Zergling x4  
  99  8:48  Drone  
  99  8:51  Extractor  
  99  8:52  Extractor  
  92  9:02  Roach x10  
  106  9:03  Overlord  
  92  9:12  Roach  
  92  9:13  Roach x8  
  92  9:15  Queen  
  99  9:17  Zergling x2  
  99  9:18  Zergling x4  
  86  9:27  Hydralisk  
  86  9:28  Hydralisk x2  
  86  9:40  Drone  
  86  9:41  Drone x3  
  86  9:42  Drone  
  86  9:45  Zerg Melee Weapons Level 1  
  91  9:52  Hydralisk  
  88  9:53  Hydralisk x2  
  92  10:02  Lurker x2  
  95  10:14  Hatchery, Lurker  
  95  10:17  Hydralisk  
  95  10:18  Hydralisk  
  98  10:22  Lurker  
  99  10:31  Overlord  
  99  10:32  Overlord  
  99  10:35  Overlord  
  99  10:37  Overlord  
  95  10:58  Ravager  
  95  10:59  Ravager x3  
  95  11:02  Ravager x2  
  101  11:04  Overlord  
  101  11:08  Lurker  
  102  11:15  Zergling x2  
  102  11:16  Zergling x8  
  107  11:19  Zerg Missile Weapons Level 2, Queen  
  107  11:21  Queen  
  111  11:27  Muscular Augments  
  111  11:35  Queen  
  111  11:36  Drone  
  111  11:37  Drone x3  
  114  11:48  Hydralisk x3  
  118  12:01  Lurker  
  118  12:02  Lurker x2  
  118  12:04  Hydralisk x2  
  118  12:05  Drone  
  118  12:06  Drone  
  118  12:07  Drone  
  128  12:09  Drone  
  124  12:42  Roach x2  
  124  12:43  Roach x7  
  97  12:54  Overlord  
  86  13:04  Roach x6  
  92  13:11  Hydralisk  
  92  13:18  Drone x3  
  92  13:19  Extractor  
  94  13:22  Spire  
  94  13:25  Drone  
  94  13:26  Drone, Queen  
  97  13:44  Drone x4  
  97  13:46  Queen  
  103  13:59  Drone  
  103  14:00  Drone  
  103  14:01  Drone  
  106  14:11  Hydralisk x6  
  106  14:14  Unknown x2  
  118  14:27  Infestation Pit  
  117  14:36  Hydralisk x3  
  123  14:40  Extractor  
  123  14:41  Hatchery  
  123  14:44  Extractor  
Show
View Real Time Build Order
Export as new Build Order

BoO Zerg - Winner!

Build Orders: Hatch First, Zergling Baneling 

Get SALT Encoding   

  12  0:00  Drone  
  13  0:14  Overlord  
  13  0:19  Drone  
  14  0:32  Drone x2  
  16  0:36  Drone  
  17  0:53  Hatchery  
  16  0:58  Drone x2  
  16  1:01  Extractor  
  17  1:15  Spawning Pool  
  16  1:20  Drone  
  16  1:21  Drone  
  18  1:30  Drone  
  19  1:43  Overlord  
  19  2:02  Queen  
  19  2:04  Queen  
  19  2:05  Zergling x6  
  26  2:11  Metabolic Boost  
  26  2:23  Baneling Nest  
  26  2:27  Drone x2  
  27  2:33  Zergling x4  
  27  2:37  Drone  
  30  2:45  Drone x2  
  30  2:48  Drone  
  33  3:11  Hatchery  
  33  3:12  Zergling x6  
  34  3:21  Drone  
  35  3:35  Overlord x2  
  35  3:39  Roach Warren  
  34  3:41  Baneling x2  
  34  3:42  Baneling x2, Drone  
  34  3:46  Overlord  
  32  3:56  Zergling x2  
  32  3:57  Zergling x6  
  34  4:13  Zergling x6  
  34  4:14  Zergling x6  
  38  4:20  Evolution Chamber  
  37  4:25  Drone x3  
  37  4:26  Drone  
  41  4:33  Queen  
  43  4:41  Drone x3  
  43  4:44  Baneling x2  
  46  4:51  Baneling x2  
  46  4:56  Zergling x8  
  48  5:15  Drone x7  
  54  5:25  Roach  
  54  5:26  Roach x3  
  56  5:40  Baneling x2  
  56  5:41  Baneling x3  
  54  5:44  Roach  
  54  5:45  Overlord x3  
  54  5:47  Zerg Missile Weapons Level 1  
  56  5:57  Extractor  
  56  5:59  Overlord x2  
  55  6:09  Overlord  
  56  6:11  Drone x4  
  56  6:12  Drone x3  
  56  6:15  Extractor  
  61  6:23  Drone x5  
  61  6:25  Lair  
  65  6:36  Roach  
  66  6:47  Extractor  
  65  6:53  Drone x3  
  68  6:54  Zergling x2  
  68  6:55  Zergling x8  
  73  7:08  Roach x4  
  78  7:09  Roach  
  78  7:13  Spine Crawler, Drone x4  
  85  7:16  Drone  
  85  7:20  Roach  
  85  7:22  Glial Reconstitution  
  88  7:24  Overlord  
  88  7:27  Overlord  
  88  7:34  Drone  
  88  7:35  Overlord  
  89  7:44  Roach x4  
  97  7:52  Roach x4  
  97  7:56  Drone x3  
  97  7:57  Drone x2  
  109  8:07  Overseer  
  109  8:09  Roach x2  
  113  8:16  Drone  
  113  8:17  Overlord x3  
  113  8:19  Zerg Missile Weapons Level 2  
  108  8:37  Ravager  
  108  8:38  Ravager x4  
  108  8:39  Zergling x2  
  108  8:40  Zergling x10  
  118  8:45  Extractor, Drone x3  
  118  8:46  Extractor  
  121  8:55  Roach x2  
  121  8:56  Roach x4  
  125  9:03  Roach x5  
  123  9:13  Roach x6  
  121  9:23  Roach x5  
  126  9:27  Overlord  
  125  9:35  Roach x4  
  132  9:39  Drone x2  
  132  9:43  Roach  
  136  9:52  Hatchery  
  129  10:05  Roach x11  
  139  10:19  Ravager x6  
  145  10:21  Overlord x2  
  145  10:22  Overlord x2  
  145  10:31  Overlord x2  
  145  10:41  Roach x6  
  145  10:42  Roach x2  
  151  10:59  Hydralisk Den  
  151  11:01  Ravager x3  
  151  11:02  Ravager x2  
  147  11:07  Overseer x3  
  147  11:10  Roach  
  147  11:11  Roach  
  151  11:15  Zergling x24  
  151  11:16  Zergling x2  
  164  11:19  Drone x4  
  164  11:20  Drone  
  164  11:21  Zerg Ground Armor Level 1  
  169  11:26  Overseer  
  169  11:29  Roach x3  
  169  11:31  Zergling x8  
  179  11:44  Drone x2  
  179  11:45  Drone x5  
  186  11:48  Roach x3  
  186  11:49  Roach  
  186  11:51  Extractor  
  175  11:54  Evolution Chamber  
  175  11:55  Extractor  
  175  11:59  Roach x2  
  175  12:00  Roach x5  
  175  12:01  Roach  
  165  12:06  Roach x3  
  125  12:53  Roach  
  125  12:54  Roach x8  
  125  12:55  Roach x8  
  123  13:11  Spire  
  114  13:15  Roach x6  
  114  13:16  Roach x2  
  114  13:18  Lurker Den, Roach  
  129  13:25  Roach x4  
  137  13:29  Overseer x3  
  137  13:32  Ravager  
  133  13:44  Pneumatized Carapace  
  133  13:49  Grooved Spines  
  133  13:54  Ravager  
  133  13:55  Ravager x3  
  137  14:01  Roach x5  
  137  14:02  Roach  
  149  14:03  Drone x2  
  149  14:04  Drone x8  
  159  14:30  Overlord x4  
  159  14:35  Overlord x3  
  159  14:36  Overlord x2, Hatchery  
Tags
 
Add a new tag
Caveats
  • Supply blocks, unpowered buildings, or Contaminate may cause inaccurate times.
  • Supply counts are checked every 10 seconds.